 Dungeon Crawl Stone Soup version 0.29-a0-284-gf9362112df (webtiles) character file.

Game seed: 2028824401857099406

60 gzilladon the Skirmisher (level 4, 0/40 HPs)
             Began as a Hill Orc Fighter on Mar 24, 2022.
             Slain by Sigmund
             ... wielding a +0 scythe
              (5 damage)
             ... on level 3 of the Dungeon.
             The game lasted 00:09:06 (2263 turns).

gzilladon the Skirmisher (Hill Orc Fighter)         Turns: 2263, Time: 00:09:07

Health: 0/40       AC:  8    Str: 20    XL:     4   Next: 6%
Magic:  0/4        EV:  9    Int:  8    God:
Gold:   134        SH:  0    Dex: 10    Spells: 3/3 levels left

rFire   . . .      SeeInvis .   a - +0 war axe
rCold   . . .      Faith    .   c - +0 buckler
rNeg    . . .      Spirit   +   b - +0 scale mail
rPois   .          Reflect  .   p - +0 helmet
rElec   .          Harm     .   (no cloak)
rCorr   .          Rampage  .   (no gloves)
Will    .....                   (no boots)
Stlth   ..........              o - amulet of guardian spirit
HPRegen 0.13/turn               (no ring)
MPRegen 0.09/turn               (no ring)

@: confused, hasted, very quick
A: no striking features
a: no special abilities


You were on level 3 of the Dungeon.
You visited 1 branch of the dungeon, and saw 3 of its levels.

You collected 134 gold pieces.

Inventory:

Hand Weapons
 a - a +0 war axe (weapon)
Missiles
 h - 104 stones (quivered)
Armour
 b - a +0 scale mail (worn)
 c - a +0 buckler (worn)
 p - a +0 helmet (worn)
Jewellery
 i - an amulet of faith
 l - an amulet of reflection
 o - an amulet of guardian spirit (around neck)
Wands
 m - a wand of iceblast (2)
Scrolls
 f - 4 scrolls of identify
Potions
 d - a potion of degeneration {unknown}
 g - a potion of curing {unknown}
 j - a potion of berserk rage {unknown}


   Skills:
 + Level 4.0 Fighting
 * Level 3.8 Axes
 + Level 3.8 Armour
 + Level 0.2 Dodging
 + Level 3.9 Shields


You had 3 spell levels left.
You didn't know any spells.
Your spell library contained the following spells:

 Spells                   Type           Power      Damage    Failure   Level
 Ensorcelled Hibernation  Hex/Ice        0%         N/A       94%         2
 Passwall                 Tmut/Erth      0%         N/A       94%         2
 Swiftness                Air            0%         N/A       99%         3


Dungeon Overview and Level Annotations

Branches:
Dungeon (3/15)

Altars:

Shops:
D:1 (   D:2 (

Annotations:
D:3 Sigmund


Message History

A magic dart appears from out of thin air!
The magic dart hits you but does no damage.
You hear some strange, mumbled words.
You are confused.
You bump into the rock wall.
A magic dart appears from out of thin air!
The magic dart hits you.
* * * LOW HITPOINT WARNING * * *
Sigmund appears from thin air!
Reactivating autopickup.
Sigmund hits you from afar with a +0 scythe.
* * * LOW HITPOINT WARNING * * *
You bump into the rock wall.
You feel yourself speed up.
You feel less confused. Sigmund barely misses you.
A rat comes into view.
You block the rat's attack.
You closely miss the rat. The rat bites you but does no damage.
You hit the rat.
You kill the rat!
You see here a rat corpse.
Sigmund mumbles some strange words.
Sigmund flickers and vanishes!
Deactivating autopickup; reactivate with Ctrl-A.
You are confused.
You're too confused to move!
You bump into the rock wall.
You bump into the rock wall.
You are more confused.
You bump into the rock wall.
You're too confused to move!
You bump into the rock wall.
You bump into the rock wall.
Something hits you.
* * * LOW HITPOINT WARNING * * *
You bump into the rock wall.
You bump into the rock wall.
You bump into the rock wall.
Something hits you.
You die...

#...†.# #.###.#
#.#
#.###########
#.#
#.#.....#...##
#.#
#...@...'(..'.
#.#
###.....#...##
#.# ###########
#.# #@# #.# #.#
#.# ##########
#.# #>........
..# #.#######.
### #.# #.
#######.########
............§§§§


There were no monsters in sight!

Vanquished Creatures
  An adder (D:2)
  4 ball pythons
  5 endoplasms
  3 giant cockroaches (D:2)
  4 goblins
  5 hobgoblins
  5 jackals
  5 kobolds
  A quokka (D:1)
  3 bats
  4 frilled lizards (D:1)
  5 rats
45 creatures vanquished.

Vanquished Creatures (others)
  3 fungi (D:2)
  10 plants (D:2)
13 creatures vanquished.

Grand Total: 58 creatures vanquished

Notes
Turn   | Place    | Note
-------+----------+-------------------------------------------
     0 | D:1      | gzilladon the Hill Orc Fighter began the quest for the Orb.
     0 | D:1      | Reached XP level 1. HP: 19/19 MP: 1/1
   352 | D:1      | Reached XP level 2. HP: 24/27 MP: 2/2
   772 | D:1      | Reached skill level 4 in Fighting
   772 | D:1      | Reached XP level 3. HP: 23/33 MP: 3/3
   796 | D:1      | Found Mubedgh's Weapon Shoppe.
  1724 | D:2      | Found Viseyqoy's Weapon Shop.
  1746 | D:2      | Found a faded altar of an unknown god.
  1967 | D:2      | Reached XP level 4. HP: 35/40 MP: 4/4
  2142 | D:3      | Noticed Sigmund
  2263 | D:3      | Slain by Sigmund

Illustrated notes

Levels and vault maps discovered:
D:1:      roderic_chinese_lattice_arrival, layout_loops_cross, serial_shops,
          nicolae_shop_temple_entry_statues_fountains
D:2:      layout_loops_ring, shapermc_ecumenical_altar_mp_urbaneastern,
          serial_shops, nicolae_shop_trees
D:3:      layout_basic, uniq_sigmund

Skill      XL: |  1  2 |
---------------+-------+-----
Axes           | 3 |  3.8
Fighting       | 4 |  4.0
Armour         | |  3.8
Dodging        | |  0.2
Shields        | |  3.9

Action                   |  1- 3 |  4- 6 || total
-------------------------+-------+-------++-------
Melee: War axe           |   120 |    17 ||   137
Throw: Stone             |       |     5 ||     5
  Use: Potion            |     2 |     3 ||     5
       Scroll            |     2 |     1 ||     3
Armor: Scale mail        |    61 |    12 ||    73
Dodge: Dodged            |    60 |    17 ||    77
Block: Buckler           |    28 |     7 ||    35

Table legend: (Time is in decaauts)
 A = Elapsed time spent in this place.
 B = Non-inter-level travel time spent in this place.
 C = Inter-level travel time spent in this place.
 D = Time resting spent in this place.
 E = Time spent auto-exploring this place.
 F = Levels seen in this place.
 G = Mean time per level.
                   A        B        C        D        E       F      G
               +--------+--------+--------+--------+--------+-----+--------+
         Total |   2286 |   1999 |    287 |    487 |      0 |   3 |  762.0 |
       Dungeon |   2286 |   1999 |    287 |    487 |      0 |   3 |  762.0 |
               +--------+--------+--------+--------+--------+-----+--------+

Top non-repeatable levels by time:
     D:2: 1176 daAuts
     D:1: 976 daAuts
     D:3: 134 daAuts
